TOP OF THE 1ST |
Xi'an Dynasty batting - Pitching for Cubara Spurs : LHP Minyar Jr.Murimi
|
Pitching: LHP Minyar Jr.Murimi
|
|
Batting: LHB Cheung Go
|
0-0: Called Strike 0-1: Ball 1-1: Ground out 5-3 (Groundball, 56S, EV 84.4 MPH)
|
Batting: RHB Fatih Mahfouz
|
0-0: Ball 1-0: Ball 2-0: Swinging Strike 2-1: Foul Ball, location: 2F 2-2: Strikes out swinging
|
Batting: LHB Deo Kurtha
|
0-0: Called Strike 0-1: Swinging Strike 0-2: Foul Ball, location: 3F 0-2: SOLO HOME RUN (Flyball, 7LD, EV 92.5 MPH), Distance : 345 ft
|
Batting: RHB Sang-yeon Park
|
0-0: Ball 1-0: Foul Ball, location: 9LSF 1-1: Foul Ball, location: 7LDF 1-2: Foul Ball, location: 7LSF 1-2: Ground out U3 (Groundball, 3L, EV 85.0 MPH)
|
Top of the 1st over - 1 run, 1 hit, 0 errors, 0 left on base; Xi'an 1 - Cubara 0 |
BOTTOM OF THE 1ST |
Cubara Spurs batting - Pitching for Xi'an Dynasty : RHP Gareth Frame
|
Pitching: RHP Gareth Frame
|
|
Batting: RHB Dale Ferguson
|
0-0: Ball 1-0: Ball 2-0: Ground out U3 (Groundball, 3S, EV 70.0 MPH)
|
Batting: RHB Nadir bin Labid
|
0-0: Called Strike 0-1: Ball 1-1: Ground out 1-3 (Groundball, 13S, EV 66.3 MPH)
|
Batting: LHB Yari Ongeri
|
0-0: Called Strike 0-1: Swinging Strike 0-2: Strikes out swinging
|
Bottom of the 1st over - 0 runs, 0 hits, 0 errors, 0 left on base; Xi'an 1 - Cubara 0 |
TOP OF THE 2ND |
Xi'an Dynasty batting - Pitching for Cubara Spurs : LHP Minyar Jr.Murimi
|
Batting: RHB Casey Purser
|
0-0: Ball 1-0: Ball 2-0: Called Strike 2-1: Swinging Strike 2-2: Strikes out looking
|
Batting: RHB Husnan Sheikh
|
0-0: SINGLE (Groundball, 4MS, EV 75.0 MPH) (infield hit)
|
Batting: RHB Misa Dragomanovic
|
0-0: Ball 1-0: Ball Husnan Sheikh steals 2nd base 2-0: Ground out 4-3 (Groundball, 4, EV 85.0 MPH) Husnan Sheikh to third
|
Batting: RHB Sansão Lagoa
|
0-0: Called Strike 0-1: Ball 1-1: Foul Ball, location: 2F 1-2: Foul Ball, location: 9LMF 1-2: Ball 2-2: Strikes out swinging
|
Top of the 2nd over - 0 runs, 1 hit, 0 errors, 1 left on base; Xi'an 1 - Cubara 0 |
BOTTOM OF THE 2ND |
Cubara Spurs batting - Pitching for Xi'an Dynasty : RHP Gareth Frame
|
Batting: LHB Ennesbek Matari
|
0-0: Ball 1-0: SOLO HOME RUN (Flyball, 9D, EV 96.3 MPH), Distance : 360 ft
|
Batting: RHB Jose Hernandez
|
0-0: DOUBLE (Flyball, 78D, EV 101.3 MPH)
|
Batting: RHB Kai-ge Li
|
0-0: Called Strike 0-1: Fly out, F8 (Flyball, 78M, EV 86.3 MPH)
|
Batting: LHB Mohammed Mbareck
|
0-0: Ball Jose Hernandez is caught stealing 3rd base 2-5 1-0: Called Strike 1-1: Ground out 4-3 (Groundball, 4, EV 88.8 MPH)
|
Bottom of the 2nd over - 1 run, 2 hits, 0 errors, 0 left on base; Xi'an 1 - Cubara 1 |
TOP OF THE 3RD |
Xi'an Dynasty batting - Pitching for Cubara Spurs : LHP Minyar Jr.Murimi
|
Batting: RHB Jose Dominguez
|
0-0: Ground out 1-3 (Groundball, 15S, EV 68.1 MPH)
|
Batting: LHB Cheung Go
|
0-0: Called Strike 0-1: Ground out 3-1 (Groundball, 34, EV 107.5 MPH)
|
Batting: RHB Fatih Mahfouz
|
0-0: Ball 1-0: Foul Ball, location: 9LDF 1-1: Swinging Strike 1-2: Foul Ball, location: 7LSF 1-2: Strikes out looking
|
Top of the 3rd over - 0 runs, 0 hits, 0 errors, 0 left on base; Xi'an 1 - Cubara 1 |
BOTTOM OF THE 3RD |
Cubara Spurs batting - Pitching for Xi'an Dynasty : RHP Gareth Frame
|
Batting: LHB Haidar Hadad
|
0-0: Ball 1-0: Foul Ball, location: 3FF 1-1: Called Strike 1-2: Fly out, F8 (Flyball, 8LXD, EV 104.4 MPH)
|
Batting: RHB Ricky Garza
|
0-0: Ball 1-0: SINGLE (Groundball, 34D, EV 100.6 MPH)
|
Batting: RHB Dale Ferguson
|
0-0: Ball 1-0: Ball Ricky Garza steals 2nd base 2-0: Called Strike 2-1: Ground out 4-3 (Groundball, 4, EV 83.8 MPH) Ricky Garza to third
|
Batting: RHB Nadir bin Labid
|
0-0: Ball 1-0: Called Strike 1-1: Ground out 5-3 (Groundball, 5L, EV 87.5 MPH)
|
Bottom of the 3rd over - 0 runs, 1 hit, 0 errors, 1 left on base; Xi'an 1 - Cubara 1 |
TOP OF THE 4TH |
Xi'an Dynasty batting - Pitching for Cubara Spurs : LHP Minyar Jr.Murimi
|
Batting: LHB Deo Kurtha
|
0-0: Called Strike 0-1: Foul Ball, location: 7LMF 0-2: Ball 1-2: Foul Ball, location: 2F 1-2: DOUBLE (Line Drive, 7LS, EV 88.1 MPH)
|
Batting: RHB Sang-yeon Park
|
0-0: Called Strike 0-1: Ball 1-1: Ball 2-1: Ball 3-1: Called Strike 3-2: Strikes out swinging
|
Batting: RHB Casey Purser
|
0-0: Called Strike 0-1: Ball 1-1: Foul Ball, location: 9LMF 1-2: Foul Ball, location: 2F 1-2: Ball 2-2: Ball 3-2: Ground out 5-3 (Groundball, 56, EV 85.0 MPH)
|
Batting: RHB Husnan Sheikh
|
0-0: Called Strike 0-1: Foul Ball, location: 2F 0-2: Ball 1-2: Ground out 6-3 (Groundball, 6, EV 80.0 MPH)
|
Top of the 4th over - 0 runs, 1 hit, 0 errors, 1 left on base; Xi'an 1 - Cubara 1 |
BOTTOM OF THE 4TH |
Cubara Spurs batting - Pitching for Xi'an Dynasty : RHP Gareth Frame
|
Batting: LHB Yari Ongeri
|
0-0: Ball 1-0: Ball 2-0: Foul Ball, location: 3F 2-1: Called Strike 2-2: Ball 3-2: Foul Ball, location: 2F 3-2: SOLO HOME RUN (Flyball, 9D, EV 95.0 MPH), Distance : 363 ft
|
Batting: LHB Ennesbek Matari
|
0-0: Ball 1-0: DOUBLE (Line Drive, 7LS, EV 100.0 MPH)
|
Batting: RHB Jose Hernandez
|
0-0: Ball 1-0: Ball 2-0: Called Strike 2-1: Ball 3-1: Fly out, F7 (Flyball, 7LD, EV 97.5 MPH)
|
Batting: RHB Kai-ge Li
|
0-0: Ball 1-0: Called Strike 1-1: 2-RUN HOME RUN (Line Drive, 9D, EV 95.6 MPH), Distance : 377 ft
|
Batting: LHB Mohammed Mbareck
|
0-0: Ball 1-0: Foul Ball, location: 3FF 1-1: Ground out 5-3 (Groundball, 5S, EV 61.9 MPH)
|
Batting: LHB Haidar Hadad
|
0-0: Ball 1-0: Ground out 6-3 (Groundball, 6, EV 78.8 MPH)
|
Bottom of the 4th over - 3 runs, 3 hits, 0 errors, 0 left on base; Xi'an 1 - Cubara 4 |
TOP OF THE 5TH |
Xi'an Dynasty batting - Pitching for Cubara Spurs : LHP Minyar Jr.Murimi
|
Batting: RHB Misa Dragomanovic
|
0-0: Ball 1-0: Ball 2-0: Fly out, F9 (Line Drive, 9S, EV 110.6 MPH)
|
Batting: RHB Sansão Lagoa
|
0-0: Foul Ball, location: 2F 0-1: Ball 1-1: Fly out, F9 (Flyball, 9, EV 75.0 MPH)
|
Batting: RHB Jose Dominguez
|
0-0: Foul Ball, location: 2F 0-1: Foul Ball, location: 3F 0-2: Strikes out swinging
|
Top of the 5th over - 0 runs, 0 hits, 0 errors, 0 left on base; Xi'an 1 - Cubara 4 |
BOTTOM OF THE 5TH |
Cubara Spurs batting - Pitching for Xi'an Dynasty : RHP Gareth Frame
|
Batting: RHB Ricky Garza
|
0-0: Ball 1-0: Ball 2-0: Called Strike 2-1: Ball 3-1: Ground out 6-3 (Groundball, 6, EV 78.1 MPH)
|
Batting: RHB Dale Ferguson
|
0-0: Ball 1-0: Called Strike 1-1: Foul Ball, location: 2F 1-2: SINGLE (Line Drive, 6MD, EV 95.0 MPH)
|
Batting: RHB Nadir bin Labid
|
0-0: Fielders Choice at 2nd, 5-4 (Groundball, 56, EV 90.6 MPH)
|
Batting: LHB Yari Ongeri
|
0-0: Swinging Strike 0-1: Ball 1-1: Foul Ball, location: 25F 1-2: Ground out 4-3 (Groundball, 4, EV 81.3 MPH)
|
Bottom of the 5th over - 0 runs, 1 hit, 0 errors, 1 left on base; Xi'an 1 - Cubara 4 |
TOP OF THE 6TH |
Xi'an Dynasty batting - Pitching for Cubara Spurs : LHP Minyar Jr.Murimi
|
Batting: LHB Cheung Go
|
0-0: Ball 1-0: Swinging Strike 1-1: Ball 2-1: Swinging Strike 2-2: Strikes out swinging
|
Batting: RHB Fatih Mahfouz
|
0-0: Swinging Strike 0-1: Fly out, F9 (Line Drive, 89M, EV 87.5 MPH)
|
Batting: LHB Deo Kurtha
|
0-0: Ground out U3 (Groundball, 3, EV 89.4 MPH)
|
Top of the 6th over - 0 runs, 0 hits, 0 errors, 0 left on base; Xi'an 1 - Cubara 4 |
BOTTOM OF THE 6TH |
Cubara Spurs batting - Pitching for Xi'an Dynasty : RHP Gareth Frame
|
Batting: LHB Ennesbek Matari
|
0-0: Ground out U3 (Groundball, 34, EV 86.3 MPH)
|
Batting: RHB Jose Hernandez
|
0-0: Ball 1-0: Called Strike 1-1: Ball 2-1: Ball 3-1: Fly out, F8 (Flyball, 89D, EV 92.5 MPH)
|
Batting: RHB Kai-ge Li
|
0-0: Ball 1-0: Ball 2-0: Ball 3-0: Base on Balls
|
Batting: LHB Mohammed Mbareck
|
0-0: Ball 1-0: Swinging Strike 1-1: Ball 2-1: Foul Ball, location: 5SF 2-2: Ball 3-2: Ground out 4-3 (Groundball, 4, EV 89.4 MPH)
|
Bottom of the 6th over - 0 runs, 0 hits, 0 errors, 1 left on base; Xi'an 1 - Cubara 4 |
TOP OF THE 7TH |
Xi'an Dynasty batting - Pitching for Cubara Spurs : LHP Minyar Jr.Murimi
|
Batting: RHB Sang-yeon Park
|
0-0: Ball 1-0: Called Strike 1-1: Called Strike 1-2: Foul Ball, location: 7LMFF 1-2: Reached on error, E5 (Groundball, 56, EV 98.1 MPH)
|
Batting: RHB Casey Purser
|
0-0: Called Strike 0-1: Ball 1-1: Ball 2-1: Called Strike 2-2: Fly out, F8 (Flyball, 8RM, EV 92.5 MPH)
|
Batting: RHB Husnan Sheikh
|
0-0: Called Strike 0-1: Swinging Strike 0-2: Ball 1-2: Ball 2-2: Foul Ball, location: 2F 2-2: Foul Ball, location: 2F 2-2: Foul Ball, location: 9LMF 2-2: Strikes out swinging
|
Batting: RHB Misa Dragomanovic
|
0-0: Called Strike 0-1: Foul Ball, location: 9LDF 0-2: Strikes out looking
|
Top of the 7th over - 0 runs, 0 hits, 1 error, 1 left on base; Xi'an 1 - Cubara 4 |
BOTTOM OF THE 7TH |
Cubara Spurs batting - Pitching for Xi'an Dynasty : RHP Gareth Frame
|
Batting: LHB Haidar Hadad
|
0-0: Ball 1-0: Called Strike 1-1: Ball 2-1: Ball 3-1: Ground out 4-3 (Groundball, 4, EV 84.4 MPH)
|
Batting: RHB Ricky Garza
|
0-0: Called Strike 0-1: Ball 1-1: Swinging Strike 1-2: SINGLE (Line Drive, 5D, EV 95.0 MPH)
|
Batting: RHB Dale Ferguson
|
0-0: Called Strike 0-1: Ball 1-1: Ball 2-1: Foul Ball, location: 9LMF 2-2: Ball 3-2: Base on Balls Ricky Garza to second
|
Pitching: LHP Cesar Zavala
|
|
Batting: RHB Nadir bin Labid
|
0-0: Fielders Choice at 2nd, 6-4 (Groundball, 6, EV 93.8 MPH) Ricky Garza to third
|
Batting: LHB Yari Ongeri
|
0-0: Ball 1-0: SINGLE (Groundball, 6MD, EV 103.1 MPH) Ricky Garza scores Nadir bin Labid to second Runner from 2nd tries for 3rd, SAFE, throw by CF made to third
|
Batting: LHB Ennesbek Matari
|
0-0: Ball 1-0: Foul Ball, location: 2LF 1-1: Ground out 6-3 (Groundball, 6M, EV 99.4 MPH)
|
Bottom of the 7th over - 1 run, 2 hits, 0 errors, 2 left on base; Xi'an 1 - Cubara 5 |
TOP OF THE 8TH |
Xi'an Dynasty batting - Pitching for Cubara Spurs : LHP Minyar Jr.Murimi
|
Pitching: RHP Maru Kigongo
|
|
Batting: RHB Sansão Lagoa
|
0-0: Fly out, F5 (Popup, 5SF, EV 71.9 MPH)
|
Pinch Hitting: LHB Saturnino Bartl
|
0-0: Swinging Strike 0-1: Called Strike 0-2: Fly out, F8 (Flyball, 89XD, EV 100.6 MPH)
|
Batting: LHB Cheung Go
|
0-0: Called Strike 0-1: Hit by Pitch
|
Batting: RHB Fatih Mahfouz
|
0-0: Swinging Strike 0-1: Ball 1-1: Foul Ball, location: 5F 1-2: Ball 2-2: Fly out, F7 (Flyball, 7, EV 80.0 MPH)
|
Top of the 8th over - 0 runs, 0 hits, 0 errors, 1 left on base; Xi'an 1 - Cubara 5 |
BOTTOM OF THE 8TH |
Cubara Spurs batting - Pitching for Xi'an Dynasty : LHP Cesar Zavala
|
Now at 2B: Saturnino Bartl
|
|
Now at SS: Husnan Sheikh
|
|
Batting: RHB Jose Hernandez
|
0-0: Called Strike 0-1: Ball 1-1: Called Strike 1-2: Ball 2-2: SINGLE (Flyball, 8RS, EV 93.1 MPH)
|
Batting: RHB Kai-ge Li
|
0-0: Sac Bunt to 5S - play at first, batter OUT! 5-3 Jose Hernandez to second
|
Batting: LHB Mohammed Mbareck
|
0-0: Ball 1-0: SINGLE (Line Drive, 7LS, EV 104.4 MPH) Jose Hernandez to third
|
Batting: LHB Haidar Hadad
|
0-0: Ball 1-0: Fly out, F8 (Flyball, 8RD, EV 92.5 MPH) Runner from 3rd tags up, SCORES, throw by CF
|
Batting: RHB Ricky Garza
|
0-0: Foul Ball, location: 25FF 0-1: Ball 1-1: Fielders Choice at 2nd, 5-4 (Groundball, 5, EV 90.6 MPH)
|
Bottom of the 8th over - 1 run, 2 hits, 0 errors, 1 left on base; Xi'an 1 - Cubara 6 |
TOP OF THE 9TH |
Xi'an Dynasty batting - Pitching for Cubara Spurs : RHP Maru Kigongo
|
Batting: LHB Deo Kurtha
|
0-0: Foul Ball, location: 2F 0-1: Foul Ball, location: 7LDF 0-2: Ball 1-2: Fly out, F6 (Popup, 6M, EV 61.9 MPH)
|
Batting: RHB Sang-yeon Park
|
0-0: Fly out, F6 (Flyball, 56D, EV 93.1 MPH)
|
Batting: RHB Casey Purser
|
0-0: Swinging Strike 0-1: Ball 1-1: Ball 2-1: SINGLE (Groundball, 34D, EV 94.4 MPH)
|
Batting: RHB Husnan Sheikh
|
0-0: Ball 1-0: Ball 2-0: Fly out, F4 (Popup, 4, EV 70.6 MPH)
|
Top of the 9th over - 0 runs, 1 hit, 0 errors, 1 left on base; Xi'an 1 - Cubara 6 |
|